 Dungeon Crawl Stone Soup version 0.21.1-1-g345015f (webtiles) character file.

368 Hubbles the Chiller (level 6, -2/47 HPs)
             Began as a Demigod Ice Elementalist on Feb 22, 2018.
             Slain by w00t's ghost (9 damage)
             ... on level 4 of the Dungeon.
             The game lasted 00:10:46 (4539 turns).

Hubbles the Chiller (Demigod Ice Elementalist)      Turns: 4539, Time: 00:10:47

Health: -2/47      AC: 10    Str: 13 (16) XL:     6   Next: 17%
Magic:  12/13      EV: 12    Int: 20 (23) God:
Gold:   91         SH:  0    Dex: 15 (16) Spells: 6/10 levels left

rFire    . . .     SeeInvis .   a - +1 spear
rCold    + . .     Gourm    .   (no shield)
rNeg     . . .     Faith    .   j - +0 leather armour
rPois    .         Spirit   .   (no helmet)
rElec    .         Reflect  .   d - +0 cloak
rCorr    .         Harm     .   (no gloves)
MR       +....                  (no boots)
Stlth    ++........             (no amulet)
HPRegen  0.15/turn              e - ring of protection from cold
MPRegen  0.13/turn              n - ring of protection from magic

@: mighty, icy armour, slow
A: high mp 1
a: no special abilities


You were on level 4 of the Dungeon.
You were not hungry.

You visited 1 branch of the dungeon, and saw 4 of its levels.

You collected 91 gold pieces.

Inventory:

Hand Weapons
 a - a +1 spear (weapon)
Missiles
 k - 4 poisoned tomahawks (quivered)
Armour
 d - a +0 cloak (worn)
 g - a +0 buckler
 j - a +0 leather armour (worn)
Jewellery
 e - a ring of protection from cold (left hand)
 i - an uncursed ring of stealth
 n - a ring of protection from magic (right hand)
Wands
 r - a wand of random effects (25)
Scrolls
 p - a scroll of magic mapping
Potions
 f - 2 potions of flight
 h - a potion of magic
 l - a potion of might
Books
 b - a book of Frost

   Spells                             Type                      Level
   a - Freeze                         Ice                          1
   b - Throw Frost                    Conjuration/Ice              2
   c - Ozocubu's Armour               Charms/Ice                   3
   d - Throw Icicle                   Conjuration/Ice              4
   e - Summon Ice Beast               Ice/Summoning                4
Comestibles
 c - 10 rations


   Skills:
 - Level 1.0 Fighting
 + Level 1.9 Polearms
 - Level 1.0 Armour
 - Level 1.7 Dodging
 - Level 1.7 Stealth
 * Level 1.0 Shields
 + Level 2.9 Spellcasting
   Level 0.8 Conjurations
 + Level 1.5 Charms
 * Level 4.7 Ice Magic


You had 6 spell levels left.
You knew the following spells:

 Your Spells              Type           Power        Failure   Level  Hunger
a - Freeze                Ice            ###.         2%          1    None
b - Ozocubu's Armour      Chrm/Ice       ###.....     14%         3    ###....


Dungeon Overview and Level Annotations

Branches:
Dungeon (4/15)
 Temple: D:4-7

Annotations:
D:4 w00t's ghost, amateur TrMo


Innate Abilities, Weirdness & Mutations

You have an increased reservoir of magic. (+10% MP)


Message History

It was a potion of degeneration.
There was something very wrong with that liquid.
You feel weakened.
You feel dopey.
You feel clumsy.
You feel very mighty all of a sudden.
The orc priest mumbles some strange prayers to Beogh against you.
You resist with some effort. The orc hits you with a war axe!
* * * LOW HITPOINT WARNING * * *
Unknown command.
You puncture the orc priest!
You kill the orc priest!
Your Shields skill increases to level 1!
The orc misses you.
You puncture the orc!
You kill the orc!
Okay, then.
A gnoll comes into view.
A giant cockroach comes into view.
The giant cockroach moves out of view.
You barely miss w00t's ghost. W00t's ghost hits you!
You die...

#..# ..## ..#
..# g.# ..#
...## .## ....#
.## ....# ..#
#...# #.# ##...#
#.## ##@.# #..#
###W.## ##.####
##.o###
......######o.##
..###......).##
### ##.....)## #
#....#..#
#....#..#
#....##..#


You could see w00t's ghost, a gnoll (sleeping) and 2 orcs.

Vanquished Creatures
  A water moccasin skeleton (D:4)
  A hound (D:3)
  Crazy Yiuf (D:3)
  2 orc priests
  9 adders
  6 worms
  2 dart slugs (D:1)
  2 leopard geckos
  7 orcs
  13 bats
  4 giant cockroaches
  13 goblins
  7 hobgoblins
  4 jackals (D:1)
  A ball python (D:2)
  5 frilled lizards
  15 kobolds
  14 rats
  A fungus (D:3)
108 creatures vanquished.

Notes
Turn   | Place    | Note
-------+----------+-------------------------------------------
     0 | D:1      | Hubbles the Demigod Ice Elementalist began the quest for the Orb.
     0 | D:1      | Reached XP level 1. HP: 14/14 MP: 5/5
   217 | D:1      | Reached skill level 3 in Ice Magic
   226 | D:1      | Reached XP level 2. HP: 17/20 MP: 7/7
   538 | D:1      | Reached skill level 1 in Armour
   977 | D:1      | Reached XP level 3. HP: 12/26 MP: 6/8
  1673 | D:2      | Found a sacrificial altar of Ru.
  1753 | D:2      | Learned a level 3 spell: Ozocubu's Armour
  2160 | D:2      | Reached XP level 4. HP: 23/34 MP: 10/10
  2374 | D:2      | Reached skill level 1 in Fighting
  2374 | D:2      | Reached skill level 1 in Charms
  2683 | D:2      | Reached skill level 4 in Ice Magic
  3006 | D:3      | Reached skill level 1 in Polearms
  3006 | D:3      | Reached XP level 5. HP: 13/40 MP: 8/11
  3967 | D:3      | Found a runed door.
  3972 | D:3      | Noticed Crazy Yiuf
  3991 | D:3      | Killed Crazy Yiuf
  4106 | D:4      | Noticed w00t's ghost (amateur TrMo)
  4490 | D:4      | Reached XP level 6. HP: 37/47 MP: 13/13
  4533 | D:4      | Reached skill level 1 in Shields
  4539 | D:4      | Slain by w00t's ghost

Skill      XL: |  1  2  3  4  5  6 |
---------------+-------------------+-----
Ice Magic      | 3 4 |  4.7
Spellcasting   | 2 |  2.9
Armour         | 1 |  1.0
Fighting       | 1 |  1.0
Charms         | 1 |  1.5
Polearms       | 1 |  1.9
Shields        | 1 |  1.0
Dodging        | |  1.7
Stealth        | |  1.7
Conjurations   | |  0.8

Action                   |  1- 3 |  4- 6 || total
-------------------------+-------+-------++-------
Melee: Spear             |   157 |   226 ||   383
       Unarmed           |     6 |       ||     6
Throw: Tomahawk          |     2 |     1 ||     3
 Cast: Freeze            |    28 |    21 ||    49
       Ozocubu's Armour  |       |     8 ||     8
  Use: Scroll            |     4 |     3 ||     7
       Potion            |       |     5 ||     5
 Stab: Sleeping          |     7 |     8 ||    15
  Eat: Chunk             |     4 |     9 ||    13
Armor: Robe              |    19 |       ||    19
       Leather armour    |    29 |    58 ||    87
Dodge: Dodged            |   118 |   118 ||   236
